 Dungeon Crawl Stone Soup version 0.24.0-2-g5b39cebb1c (webtiles) character file.

Game seed: 1386001576096747863, levelgen mode: deterministic

212 Arum the Skirmisher (level 5, -10/43 HPs)
             Began as a Demonspawn Monk on Oct 31, 2019.
             Was a Priest of Qazlal.
             Mangled by an ogre
             ... wielding a +0 giant spiked club
              (25 damage)
             ... on level 4 of the Dungeon.
             The game lasted 00:03:44 (3374 turns).

Arum the Skirmisher (Demonspawn Monk)               Turns: 3374, Time: 00:03:44

Health: -10/43     AC:  7    Str: 12    XL:     5   Next: 58%
Magic:  5/5        EV: 12    Int: 12    God:    Qazlal [***...]
Gold:   101        SH:  7    Dex: 15    Spells: 4/4 levels left

rFire    . . .     SeeInvis .     - Unarmed
rCold    + . .     Gourm    .   (no shield)
rNeg     . . .     Faith    .   d - +0 ring mail
rPois    .         Spirit   .   (helmet restricted)
rElec    .         Reflect  +   (no cloak)
rCorr    .         Harm     .   (no gloves)
MR       .....     Rnd*Tele +   (no boots)
Stlth    +.........             e - +4 amulet of reflection
HPRegen  0.14/turn              i - ring of teleportation (curse)
MPRegen  0.09/turn              (no ring)

@: no status effects
A: antennae 1, icy blue scales 1, cold resistance 1
a: Upheaval, Elemental Force, Renounce Religion


You were on level 4 of the Dungeon.
You worshipped Qazlal.
Qazlal was most pleased with you.
You were not hungry.

You visited 1 branch of the dungeon, and saw 4 of its levels.

You collected 101 gold pieces.

Inventory:

Armour
 d - a +0 ring mail (worn)
Jewellery
 e - a +4 amulet of reflection (around neck)
 i - a cursed ring of teleportation (left hand)
Scrolls
 g - 2 scrolls of enchant armour {unknown}
 h - a scroll of random uselessness {unknown}
 j - a scroll of fog {unknown}
 k - a scroll of teleportation {unknown}
 l - 3 scrolls of amnesia {unknown}
Potions
 a - a potion of ambrosia {unknown}
 c - a potion of lignification {unknown}
 f - 2 potions of curing {unknown}
 m - a potion of mutation {unknown}
 n - a potion of haste {unknown}
 p - a potion of resistance
Comestibles
 b - 7 rations


   Skills:
 + Level 4.4 Fighting
 + Level 4.0 Dodging
 - Level 1.7 Stealth
 + Level 4.0 Unarmed Combat


You had 4 spell levels left.
You didn't know any spells.
Your spell library was empty.

Dungeon Overview and Level Annotations

Branches:
Dungeon (4/15)
 Temple: D:4-7

Altars:
Dithmenos
Qazlal
Ru
Vehumet


Innate Abilities, Weirdness & Mutations

You have a pair of small antennae on your head.
You are partially covered in icy blue scales. (AC +2)
Your flesh is cold resistant. (rC+)


Message History

You are too injured to fight recklessly!
You are too injured to fight recklessly!
You are too injured to fight recklessly!
You are too injured to fight recklessly!
You are too injured to fight recklessly!
You barely miss the ogre.
The ogre is moderately wounded.
You closely miss the ogre.
The ogre is moderately wounded.
The ogre hits you with a +0 giant spiked club!
You hit the ogre.
The ogre is heavily wounded.
You barely miss the ogre.
The ogre is heavily wounded.
You block the ogre's attack.
You barely miss the ogre.
The ogre is heavily wounded.
The ogre hits you with a +0 giant spiked club!!
Ouch! That really hurt!
You die...

# #. ####
#.#.##.. #
#......# #.# #
#.#
#..####....$ #
#.# #...@O.?# #
#.###.#####.# #
#.....# #
#.####>#.### #
#........#
#####.##.......
#.######### #.#
#.#


You could see an ogre.

Vanquished Creatures
  An orc priest (D:3)
  An orc wizard (D:3)
  2 adders
  A shadow imp (D:3)
  5 oozes
  4 worms
  7 dart slugs
  4 leopard geckos
  8 orcs
  5 bats
  8 giant cockroaches
  5 goblins
  4 hobgoblins
  2 quokkas
  4 frilled lizards
  7 kobolds
  6 rats
74 creatures vanquished.

Notes
Turn   | Place    | Note
-------+----------+-------------------------------------------
     0 | D:1      | Arum the Demonspawn Monk began the quest for the Orb.
     0 | D:1      | Reached XP level 1. HP: 18/18 MP: 1/1
     1 | D:1      | Found a runed translucent door.
   430 | D:1      | Gained mutation: Your flesh is cold resistant. (rC+)
                  | [demonic ancestry]
   430 | D:1      | Reached XP level 2. HP: 15/24 MP: 2/2
   956 | D:1      | Gained mutation: You are partially covered in icy blue
                  | scales. (AC +2) [demonic ancestry]
   956 | D:1      | Reached XP level 3. HP: 16/29 MP: 3/3
  1476 | D:2      | Found a stormy altar of Qazlal.
  1477 | D:2      | Noticed an earth elemental
  1478 | D:2      | Noticed an air elemental
  1479 | D:2      | Noticed a water elemental
  1479 | D:2      | Noticed a fire elemental
  1528 | D:2      | Became a worshipper of Qazlal Stormbringer
  1528 | D:2      | Reached * piety under Qazlal
  1528 | D:2      | Reached ** piety under Qazlal
  1579 | D:2      | Found a radiant altar of Vehumet.
  1612 | D:2      | Gained mutation: You have a pair of small antennae on your
                  | head. [demonic ancestry]
  1612 | D:2      | Reached XP level 4. HP: 32/37 MP: 4/4
  2196 | D:3      | Reached XP level 5. HP: 23/42 MP: 5/5
  2697 | D:3      | Found a sacrificial altar of Ru.
  2739 | D:3      | Found a shadowy altar of Dithmenos.
  2929 | D:3      | Reached *** piety under Qazlal
  3365 | D:4      | Noticed an ogre
  3374 | D:4      | Mangled by an ogre

Levels and vault maps discovered:
D:1:      dpeg_arrival_caged_fury, layout_loops_cross
D:2:      layout_rooms, lemuel_doored_altar, nicolae_qazlal_style_of_elements
D:3:      layout_loops_corners, lemuel_coloured_pillars_altar,
          nicolae_dithmenos_through_a_glass_darkly, first_ration
D:4:      layout_loops_ring, nicolae_overflow_hidden_temple, marbit_many_paths

Skill      XL: |  1  2  3  4  5 |
---------------+----------------+-----
Dodging        | 3 4 |  4.0
Unarmed Combat | 3 4 |  4.0
Fighting       | 4 |  4.4
Stealth        | |  1.7

Action                   |  1- 3 |  4- 6 || total
-------------------------+-------+-------++-------
Melee: Unarmed           |   148 |   219 ||   367
       Punch             |     3 |     5 ||     8
 Stab: Sleeping          |     4 |       ||     4
  Eat: Chunk             |     2 |     6 ||     8
Armor: Robe              |     2 |       ||     2
       Ring mail         |    41 |    43 ||    84
Dodge: Dodged            |   107 |    75 ||   182
Block: Other             |     7 |    67 ||    74
       Reflection        |       |     4 ||     4
